 Dungeon Crawl Stone Soup version 0.27-a0-1188-g73eefd5def (webtiles) character file.

Game seed: 17008472252430914468

5 spiderkeys the Skirmisher (level 1, -1/18 HPs)
             Began as a Demonspawn Berserker on May 21, 2021.
             Was a Follower of Trog.
             Slain by a quokka (2 damage)
             ... on level 1 of the Dungeon.
             The game lasted 00:00:21 (138 turns).

spiderkeys the Skirmisher (Demonspawn Berserker)     Turns: 138, Time: 00:00:22

Health: -1/18      AC:  2    Str: 17    XL:     1   Next: 66%
Magic:  1/1        EV: 12    Int:  8    God:    Trog [*.....]
Gold:   8          SH:  0    Dex: 12    Spells: 0/0 levels left

rFire    . . .     SeeInvis .   a - +0 hand axe
rCold    . . .     Faith    .   (no shield)
rNeg     . . .     Spirit   .   b - +0 animal skin
rPois    .         Reflect  .   (no helmet)
rElec    .         Harm     .   (no cloak)
rCorr    .         Rampage  .   (no gloves)
Will     .....                  (no boots)
Stlth    +.........             (no amulet)
HPRegen  0.06/turn              (no ring)
MPRegen  0.07/turn              (no ring)

@: no status effects
A: no striking features
a: Renounce Religion, Berserk


You were on level 1 of the Dungeon.
You worshipped Trog.
Trog was aware of your devotion.
You visited 1 branch of the dungeon, and saw 1 of its levels.

You collected 8 gold pieces.


   Skills:
 + Level 3.0 Fighting
 * Level 2.8 Axes
 + Level 1.9 Armour
 + Level 1.9 Dodging


You couldn't memorise any spells.
You didn't know any spells.
Your spell library was empty.

Inventory:

Hand Weapons
 a - a +0 hand axe (weapon)
Missiles
 e - 25 stones
Armour
 b - a +0 animal skin (worn)
Potions
 c - a potion of might {unknown}
 d - a potion of degeneration {unknown}

Dungeon Overview and Level Annotations

Branches:
Dungeon (1/15)

Altars:

.......##≈≈≈§≈#####'#######
#####..##≈≈§§§# #.........
#..##≈§>§§# #.........
#..######## #......... #..#
##'####### #..#
##########........ #..#
.................. #...
...........#######
......r@...# ......)....#
...........# ...........#
...........# [..........#
...........# +###########


You could see a quokka.


Message History

Press ? for a list of commands and other information.
Found 21 gold pieces.
Found an escape hatch in the floor.
Found a staircase leading out of the dungeon.
You now have 8 gold pieces.
You open the door.
A rat comes into view.
You hit the rat. The rat misses you.
You hit the rat.
You kill the rat!
Trog accepts your kill.
No target in view!
No target in view!
There is an open door here.
c - a murky amethyst potion
Found a stone staircase leading down.
A frilled lizard and a rat come into view.
The frilled lizard hisses angrily.
You barely miss the frilled lizard. The frilled lizard barely misses you.
You hit the frilled lizard.
You kill the frilled lizard!
Trog accepts your kill.
No target in view!
A rat is nearby!
The rat bites you. 😕 HP[-1]
You take 1 damage, and now have 17/18 hp.
You closely miss the rat. The rat bites you. 😕 HP[-1]
You take 1 damage, and now have 16/18 hp.
You slash the rat!
You kill the rat!
Trog accepts your kill.
No target in view!
No target in view!
No target in view!
A goblin comes into view. It is wielding a +0 dagger.
The goblin shouts!
You see here a fizzy sapphire potion. 😎 HP[+2]
Your hp is fully restored (18).
A goblin is nearby!
A goblin is nearby!
You hit the goblin. The goblin hits you but does no damage.
You closely miss the goblin. The goblin barely misses you.
You closely miss the goblin. The goblin misses you.
You closely miss the goblin. The goblin misses you.
A goblin is nearby!
You barely miss the goblin. The goblin closely misses you.
You slash the goblin!
You kill the goblin!
Trog accepts your kill.
No target in view!
No target in view!
Things that are here:
a +0 dagger; a goblin corpse
d - a fizzy sapphire potion
e - 25 stones You open the door.
There is an open door here.
You open the door.
A kobold comes into view. It is wielding a +0 whip.
There is an open door here.
A kobold is nearby!
The kobold shouts!
You hear an angry hiss.
A frilled lizard and a quokka come into view.
The frilled lizard hisses angrily.
The kobold closely misses you.
You closely miss the kobold.
The kobold hits you with a +0 whip. 😕 HP[-3]
You take 3 damage, and now have 15/18 hp.
You hit the kobold but do no damage. The kobold completely misses you.
You hit the kobold.
You kill the kobold!
Trog accepts your kill.
You miss the quokka.
You hit the frilled lizard but do no damage.
The quokka bites you. The frilled lizard bites you.
The quokka closely misses you. 😮 HP[-5]
You take 5 damage, and now have 10/18 hp.
MASSIVE DAMAGE!! (PAUSE)
You closely miss the quokka. You hit the frilled lizard.
You kill the frilled lizard!
Trog accepts your kill. The quokka bites you.
* * * LOW HITPOINT WARNING * * *
You miss the quokka.
The quokka twitches its whiskers.
The quokka bites you.
* * * LOW HITPOINT WARNING * * *
The quokka bites you.
* * * LOW HITPOINT WARNING * * *
😱 HP[-9]
You take 9 damage, and now have 1/18 hp.
MASSIVE DAMAGE!! (PAUSE)
You barely miss the quokka.
The quokka twitches its whiskers.
The quokka bites you but does no damage.
You hit the quokka. The quokka bites you.
You die...

Action                   || total
-------------------------++-------
Melee: Hand axe          ||    20
Armor: Animal skin       ||     2
Dodge: Dodged            ||     9

Levels and vault maps discovered:
D:1:      grunt_arrival_lava_bath, layout_basic, basic_ecumenical_altar

Notes
Turn   | Place    | Note
-------+----------+-------------------------------------------
     0 | D:1      | spiderkeys the Demonspawn Berserker began the quest for the
                  | Orb.
     0 | D:1      | Reached XP level 1. HP: 18/18 MP: 1/1
     0 | D:1      | magus.rc [v1.9.10]
   136 | D:1      | HP: 4/18 [quokka (3)]
   136 | D:1      | HP: 1/18 [quokka (3)]
   138 | D:1      | Slain by a quokka

Vanquished Creatures
  A goblin (D:1)
  A kobold (D:1)
  2 frilled lizards (D:1)
  2 rats (D:1)
6 creatures vanquished.

Table legend:
 A = Non-vault XP
 B = Vault XP
 C = Vault XP percentage of total XP
 D = Non-vault monster count
 E = Vault monster count
 F = Vault count percentage of total count
                 A         B        C        D         E       F
            +---------+---------+-------+---------+---------+-------
      Total |       8 |       0 |   0.0 |       6 |       0 |   0.0
            +---------+---------+-------+---------+---------+-------
        D:1 |       8 |       0 |   0.0 |       6 |       0 |   0.0
            +---------+---------+-------+---------+---------+-------

Illustrated notes

Table legend:
 A = Kills in this place as a percentage of kills in entire the game.
 B = Kills by you in this place as a percentage of kills by you in the entire game.
 C = Kills by friends in this place as a percentage of kills by friends in the entire game.
 D = Other kills in this place as a percentage of other kills in the entire game.
 E = Experience gained in this place as a percentage of experience gained in the entire game.
 F = Experience gained in this place divided by the number of levels of this place that you have seen.
                   A       B       C       D       E      F
               +-------+-------+-------+-------+-------+----------------------
         Total | 100.0 | 100.0 |   N/A |   N/A | 100.0 |   8.0
       Dungeon | 100.0 | 100.0 |   N/A |   N/A | 100.0 |   8.0
               +-------+-------+-------+-------+-------+----------------------

Table legend: (Time is in decaauts)
 A = Elapsed time spent in this place.
 B = Non-inter-level travel time spent in this place.
 C = Inter-level travel time spent in this place.
 D = Time resting spent in this place.
 E = Time spent auto-exploring this place.
 F = Levels seen in this place.
 G = Mean time per level.
                   A        B        C        D        E       F      G
               +--------+--------+--------+--------+--------+-----+--------+
         Total |    141 |    141 |      0 |      0 |     99 |   1 |  141.0 |
       Dungeon |    141 |    141 |      0 |      0 |     99 |   1 |  141.0 |
               +--------+--------+--------+--------+--------+-----+--------+

Top non-repeatable levels by time:
     D:1: 141 daAuts
